Map: Eastwatch LE

Players

Guru

  • Race: Zerg Zerg
  • Spawn Location: 1:00

Cham - Winner!

  • Race: Zerg Zerg
  • Spawn Location: 7:00

Event: WCS Leipzig 2018

VOD

Have the link to the VOD?

Description

Time

  • Played on: Jan. 26, 2018, 11:24 a.m.
  • Length: 9:18

All games in this series

Show
View Real Time Build Order
Export as new Build Order

Guru Zerg 

Build Orders: Hatch First 

Get SALT Encoding   

  12  0:00  Drone  
  13  0:13  Overlord  
  13  0:17  Drone  
  14  0:31  Drone x2  
  14  0:34  Drone  
  17  0:52  Hatchery  
  17  0:56  Drone  
  17  0:59  Drone  
  18  1:10  Extractor  
  17  1:15  Spawning Pool  
  17  1:18  Drone  
  17  1:21  Drone  
  18  1:28  Drone  
  19  2:02  Queen  
  19  2:03  Zergling x2, Queen  
  19  2:05  Zergling x2  
  19  2:07  Drone x2  
  27  2:10  Metabolic Boost  
  27  2:26  Hatchery  
  27  2:28  Drone  
  27  2:29  Drone  
  28  2:34  Overlord  
  28  2:39  Overlord  
  28  2:53  Drone x4  
  32  3:06  Zergling x4  
  32  3:09  Zergling x2  
  32  3:10  Zergling x2  
  32  3:11  Overlord x2  
  36  3:17  Baneling Nest  
  35  3:24  Overlord  
  35  3:31  Drone x5  
  40  3:37  Queen  
  40  3:40  Drone  
  43  3:43  Drone  
  43  3:44  Drone  
  43  3:47  Drone  
  46  3:49  Zergling x2  
  46  3:51  Zergling x2  
  46  3:54  Drone  
  48  4:02  Zergling x4  
  50  4:04  Drone  
  50  4:09  Zergling x2  
  51  4:10  Baneling x2  
  51  4:11  Drone x3  
  51  4:12  Drone  
  51  4:15  Extractor  
  51  4:17  Extractor  
  53  4:18  Drone x3  
  53  4:20  Drone  
  53  4:21  Drone  
  58  4:27  Overlord  
  58  4:31  Zergling x2  
  58  4:33  Baneling x2  
  58  4:43  Zergling x2  
  59  4:46  Zergling x4  
  59  4:47  Zergling x4  
  59  4:49  Zergling x6  
  59  4:50  Zergling x2  
  59  4:51  Overlord  
  59  4:52  Evolution Chamber  
  64  4:54  Roach Warren  
  64  4:55  Zergling x2  
  64  4:59  Queen  
  62  5:00  Zergling x2  
  62  5:01  Zergling x2  
  57  5:11  Drone  
  57  5:12  Drone x2  
  58  5:15  Drone  
  58  5:18  Queen  
  55  5:22  Zerg Missile Weapons Level 1  
  55  5:27  Drone x2  
  55  5:31  Zergling x4  
  55  5:33  Zergling x2  
  55  5:35  Zergling x6  
  61  5:38  Zergling x2  
  60  5:43  Zergling x2  
  60  5:46  Roach  
  60  5:53  Roach  
  60  5:57  Roach x2, Queen  
  62  5:58  Roach  
  62  5:59  Roach x2  
  62  6:03  Roach  
  69  6:11  Lair  
  69  6:16  Roach  
  69  6:17  Roach  
  64  6:20  Zergling x2  
  64  6:23  Queen  
  64  6:24  Zergling x4  
  64  6:25  Drone x2  
  69  6:29  Drone  
  70  6:33  Drone x2  
  70  6:35  Zergling x2  
  73  6:42  Zergling x4  
  75  6:47  Drone x2  
  75  6:49  Queen  
  75  6:50  Drone  
  75  6:53  Drone  
  81  6:56  Drone  
  81  6:59  Drone, Evolution Chamber  
  82  7:04  Baneling x2  
  82  7:14  Overlord x2, Glial Reconstitution  
  81  7:17  Overlord  
  81  7:19  Overlord  
  81  7:21  Drone  
  81  7:27  Queen  
  82  7:30  Overlord  
  82  7:36  Drone x2  
  82  7:37  Drone x3  
  86  7:38  Roach  
  86  7:39  Roach  
  86  7:41  Roach  
  93  7:47  Roach  
  93  7:49  Roach  
  99  7:51  Roach  
  99  7:57  Ravager  
  99  7:58  Ravager x2, Roach  
  103  8:00  Roach x4  
  103  8:01  Roach x2  
  103  8:03  Roach  
  117  8:06  Roach, Extractor  
  117  8:12  Roach  
  120  8:14  Overlord  
  120  8:18  Overlord  
  120  8:21  Overlord  
  120  8:22  Drone  
  120  8:23  Overlord  
  121  8:27  Overlord x2  
  121  8:32  Roach  
  121  8:33  Roach  
  125  8:37  Roach x3  
  125  8:38  Roach  
  125  8:39  Ravager, Roach  
  136  8:44  Roach x3  
  136  8:46  Roach  
  143  8:56  Roach x2  
  143  8:57  Roach  
Show
View Real Time Build Order
Export as new Build Order

Cham Zerg - Winner!

Build Orders: Hatch First 

Get SALT Encoding   

  12  0:00  Drone  
  13  0:08  Drone  
  14  0:17  Overlord  
  14  0:35  Drone x3  
  17  0:51  Hatchery  
  17  0:55  Drone  
  17  1:02  Extractor  
  16  1:10  Spawning Pool  
  15  1:13  Drone  
  15  1:16  Drone  
  17  1:21  Drone  
  18  1:38  Drone  
  19  1:46  Overlord  
  19  1:51  Drone  
  20  1:56  Queen  
  22  2:03  Metabolic Boost  
  22  2:04  Queen  
  22  2:06  Drone  
  25  2:09  Drone  
  25  2:13  Drone  
  27  2:29  Hatchery  
  26  2:32  Drone  
  26  2:36  Drone  
  28  2:41  Queen  
  30  2:45  Drone  
  31  2:51  Baneling Nest  
  31  2:54  Drone  
  31  2:55  Drone  
  31  2:57  Drone  
  33  3:02  Overlord  
  33  3:04  Zergling x2  
  34  3:07  Zergling x2  
  34  3:12  Zergling x2  
  36  3:14  Overlord  
  36  3:22  Drone, Zergling x4  
  36  3:24  Drone  
  36  3:26  Drone  
  41  3:33  Zergling x2  
  42  3:35  Baneling x3  
  42  3:36  Drone  
  42  3:37  Drone  
  42  3:40  Drone  
  45  3:42  Drone  
  46  3:49  Overlord  
  46  3:50  Zergling x2  
  46  3:52  Zergling x2  
  47  3:58  Zergling x2  
  48  4:03  Zergling x4  
  48  4:05  Drone  
  48  4:06  Drone x2  
  52  4:10  Drone x2  
  52  4:11  Overlord  
  54  4:17  Drone  
  54  4:18  Evolution Chamber  
  54  4:20  Roach Warren  
  54  4:21  Drone x2  
  54  4:22  Extractor  
  54  4:23  Baneling x2  
  54  4:24  Drone  
  54  4:30  Drone  
  56  4:46  Drone x2, Zergling x4  
  56  4:47  Drone, Zergling x4  
  63  4:57  Zergling x4  
  63  4:58  Zergling x4  
  64  5:00  Zergling x2  
  64  5:02  Zergling x4  
  64  5:03  Zergling x12  
  72  5:08  Zergling x2  
  72  5:10  Zergling x2  
  72  5:14  Lair  
  69  5:19  Zergling x2  
  69  5:20  Baneling x2  
  67  5:21  Drone, Zerg Missile Weapons Level 1  
  67  5:22  Drone  
  67  5:25  Zergling x2  
  67  5:26  Extractor  
  67  5:28  Baneling x2  
  66  5:29  Drone  
  66  5:32  Drone  
  66  5:35  Drone  
  69  5:40  Overlord  
  69  5:42  Overlord  
  69  5:44  Drone x2, Zergling x4  
  71  5:58  Drone x2  
  71  5:59  Drone x2  
  71  6:00  Drone  
  71  6:01  Overlord  
  76  6:05  Extractor  
  76  6:07  Extractor  
  70  6:11  Drone x3  
  70  6:13  Drone x2, Zergling x2  
  70  6:16  Roach x2  
  74  6:21  Roach x2  
  74  6:23  Glial Reconstitution  
  74  6:24  Roach, Hatchery  
  77  6:29  Spine Crawler  
  77  6:31  Roach x2  
  80  6:33  Roach x4  
  80  6:37  Overlord x2  
  88  6:42  Drone x3  
  88  6:43  Drone  
  88  6:44  Drone  
  93  6:47  Overlord  
  93  6:53  Baneling x2  
  93  6:54  Drone x2  
  94  6:58  Roach  
  99  7:01  Roach  
  99  7:04  Roach x3  
  101  7:17  Roach x2  
  101  7:18  Roach x2  
  101  7:20  Drone x2, Roach  
  101  7:21  Roach  
  112  7:30  Roach  
  112  7:31  Overlord x2  
  112  7:32  Overlord x2  
  112  7:36  Overlord  
  114  7:40  Drone x2  
  114  7:41  Overlord  
  116  7:46  Roach x2  
  116  7:47  Overlord  
  116  7:51  Roach x3  
  126  7:57  Roach x2  
  126  7:58  Roach x2  
  134  8:00  Roach x2  
  134  8:02  Ravager x3  
  134  8:04  Roach  
  143  8:06  Roach  
  143  8:09  Roach x2  
  143  8:12  Roach x2  
  153  8:14  Roach  
  153  8:17  Roach x2  
  159  8:20  Roach  
  159  8:21  Roach  
  159  8:22  Roach  
  159  8:25  Roach x2  
  169  8:29  Roach x2  
  169  8:30  Roach  
  175  8:37  Overlord x2  
  175  8:42  Extractor  
  175  8:43  Drone  
  175  8:44  Overlord  
  173  8:57  Roach  
  173  8:58  Roach  
  173  8:59  Roach x2  
Tags
 
Add a new tag
Caveats
  • Supply blocks, unpowered buildings, or Contaminate may cause inaccurate times.
  • Supply counts are checked every 10 seconds.